 Dungeon Crawl Stone Soup version 0.31-a0-1074-g0b22e4e0f1 (webtiles) character file.

Game seed: 8496904955341362313

28 grandjackal the Sneak (level 3, -2/24 HPs)
             Began as a Vampire Enchanter on Dec 2, 2023.
             Succumbed to an adder's poison
             ... on level 2 of the Dungeon.
             The game lasted 00:01:38 (829 turns).

grandjackal the Sneak (Vampire Enchanter)            Turns: 829, Time: 00:01:39

Health: -2/24      AC:  3    Str:  7    XL:     3   Next: 0%
Magic:  2/6        EV: 12    Int: 19    God:
Gold:   39         SH:  0    Dex: 14    Spells: 4/6 levels left

rFire   . . .        a - +1 dagger
rCold   . . .        d - orb {mayhem}
rNeg    . . .        b - +0 robe
rPois   .            (no helmet)
rElec   .            (no cloak)
rCorr   .            (no gloves)
SInv    +            h - +0 pair of boots
Will    .....        (no amulet)
Stlth   +++          (no ring)
HPRegen 0.44/turn    (no ring)
MPRegen 0.10/turn

%: mayhem
@: lethally poisoned (-2 -> -10), healing quickly
A: alive, fangs 3, see invisible, vampiric 2
a: Exsanguinate


You were on level 2 of the Dungeon.
You visited 1 branch of the dungeon, and saw 2 of its levels.

You collected 39 gold pieces.

Inventory:

Hand Weapons
 a - a +1 dagger (weapon)
Armour
 b - a +0 robe (worn)
 d - an orb of mayhem (worn)
 h - a +0 pair of boots (worn)
Scrolls
 g - 3 scrolls of fear {unknown}
Potions
 c - 2 potions of invisibility
 e - a potion of curing {unknown}
 f - a potion of heal wounds {unknown}
 i - a potion of degeneration {unknown}


   Skills:
 + Level 2.1 Short Blades
 - Level 2.1 Dodging
 - Level 5.1 Stealth
 - Level 2.0 Spellcasting
 + Level 5.0 Hexes
 + Level 0.0 Ice Magic


You had 4 spell levels left.
You knew the following spells:

 Your Spells              Type           Power      Damage    Failure   Level
a - Ensorcelled Hibernat  Hex/Ice        22%        N/A       9%          2

Your spell library contained the following spells:

 Spells                   Type           Power      Damage    Failure   Level
 Confusing Touch          Hex            21%        N/A       6%          3
 Tukima's Dance           Hex            21%        N/A       6%          3
 Dazzling Flash           Conj/Hex       22%        N/A       19%         3


Dungeon Overview and Level Annotations

Branches:
Dungeon (2/15)

Altars:

Shops:
D:2 :


Innate Abilities, Weirdness & Mutations

Your natural rate of healing is accelerated.
You have razor-sharp teeth.
You have supernaturally acute eyesight. (SInv)
You are afflicted with vampirism and can become a bat while bloodless.


Message History

You are no longer poisoned.
The frilled lizard attacks as it pursues you!
The frilled lizard closely misses you.
You hit the frilled lizard.
You kill the frilled lizard!
The adder flies into a frenzy!
The adder barely misses you.
You have reached level 3!
Your experience leads to an increase in your attributes!
Increase (S)trength, (I)ntelligence, or (D)exterity?
You feel clever. x2
You can now turn into a vampire bat when bloodless.
You hit the adder.
The adder is moderately wounded.
The adder bites you. The adder closely misses you.
You barely miss the adder. Your bite misses the adder.
The adder is moderately wounded.
The adder bites you.
You are poisoned.
The adder poisons you! The adder closely misses you.
You hit the adder. You bite the adder.
The adder is severely wounded.
You feel sick. The adder misses you.
You closely miss the adder.
The adder is severely wounded.
You feel sick. The adder closely misses you. The adder bites you.
* * * LOW HITPOINT WARNING * * *
You are lethally poisoned!
The adder poisons you!
You closely miss the adder.
The adder is severely wounded.
* * * LOW HITPOINT WARNING * * *
You feel sick. The adder bites you.
* * * LOW HITPOINT WARNING * * *
The adder bites you.
* * * LOW HITPOINT WARNING * * *
You are more poisoned.
The adder poisons you!
You closely miss the adder. You bite the adder, but do no damage.
The adder is severely wounded.
You die...

.#.#### ##
...#... ..#
.....# #.#.#
.#... #.#.#
##... #.#.#
##..## #.#.#
#...$#
#.#.###.#..#
#.#..@S.#..#
#.>..####..#
#.#'### ...
#
+∩'.##.....#
#+#....#.$##
#..#####?..
##..# #..#
#..##


You could see a neutral adder (fast, strong, frenzied).

Vanquished Creatures
  2 dart slugs (D:1)
  2 bats (D:1)
  2 endoplasms (D:1)
  3 goblins (D:1)
  6 kobolds (D:1)
  2 ball pythons (D:1)
  4 frilled lizards
  4 rats (D:1)
25 creatures vanquished.

Vanquished Creatures (others)
  A rat (D:1)
1 creature vanquished.

Grand Total: 26 creatures vanquished

Notes
Turn   | Place    | Note
-------+----------+-------------------------------------------
     0 | D:1      | grandjackal the Vampire Enchanter began the quest for the
                  | Orb.
     0 | D:1      | Reached XP level 1. HP: 13/13 MP: 3/3
   161 | D:1      | Reached XP level 2. HP: 19/19 MP: 5/5
   300 | D:1      | Reached skill level 5 in Stealth
   522 | D:1      | Reached skill level 5 in Hexes
   541 | D:1      | Learned a level 2 spell: Ensorcelled Hibernation
   806 | D:2      | Found Tath's Book Shoppe.
   824 | D:2      | Gained mutation: You are afflicted with vampirism and can
                  | become a bat while bloodless. [Vampire growth]
   824 | D:2      | Reached XP level 3. HP: 17/24 MP: 1/6
   828 | D:2      | HP: 1/24 [adder (3)]
   829 | D:2      | Succumbed to an adder's poison

Illustrated notes

Levels and vault maps discovered:
D:1:      dpeg_arrival_tiny_d, layout_loops_cross, minmay_domino_4
D:2:      layout_rooms, serial_shops, nicolae_shop_behind_doors,
          hangedman_glass_garden, lemuel_flame_loot_1, uniq_sigmund

Skill      XL: |  1  2 |
---------------+-------+-----
Stealth        | 5 |  5.1
Short Blades   | 2 |  2.1
Hexes          | 5 |  5.0
Dodging        | |  2.1
Spellcasting   | |  2.0

Action                     || total
---------------------------++-------
  Melee: Dagger            ||    92
         Bite              ||     7
   Cast: Ensorcelled Hiber ||     2
   Stab: Sleeping          ||     9
 Armour: Robe              ||    36
  Dodge: Dodged            ||    70

Table legend: (Time is in decaauts)
 A = Elapsed time spent in this place.
 B = Non-inter-level travel time spent in this place.
 C = Inter-level travel time spent in this place.
 D = Time resting spent in this place.
 E = Time spent auto-exploring this place.
 F = Levels seen in this place.
 G = Mean time per level.
                   A        B        C        D        E       F      G
               +--------+--------+--------+--------+--------+-----+--------+
         Total |    821 |    767 |     54 |      5 |    533 |   2 |  410.5 |
       Dungeon |    821 |    767 |     54 |      5 |    533 |   2 |  410.5 |
               +--------+--------+--------+--------+--------+-----+--------+

Top non-repeatable levels by time:
     D:1: 789 daAuts
     D:2: 32 daAuts
